 Dungeon Crawl Stone Soup version 0.25-a0-362-g90ccd6aac3 (webtiles) character file.

Game seed: 17523506350019827246, levelgen mode: deterministic

115 Conn the Magician (level 5, 0/55 HPs)
             Began as an Octopode Wizard on Jan 4, 2020.
             Slain by a black bear (4 damage)
             ... on level 3 of the Dungeon.
             The game lasted 00:09:49 (2564 turns).

Conn the Magician (Octopode Wizard)                 Turns: 2564, Time: 00:09:49

Health: 0/55       AC: 22    Str: 11    XL:     5   Next: 0%
Magic:  0/11       EV:  2    Int: 21    God:
Gold:   143        SH:  0    Dex: 11    Spells: 4/12 levels left

rFire    . . .     SeeInvis .   i - +0 short sword
rCold    . . .     Gourm    .   (no shield)
rNeg     + + +     Faith    .   (helmet currently unavailable)
rPois    +         Spirit   .   (no amulet)
rElec    .         Reflect  .   e - +5 ring of strength
rCorr    .         Harm     .   o - ring of protection from magic
MR       ++...     NoTele   +   (no ring)
Stlth    ++........             (no ring)
HPRegen  0.18/turn              (no ring)
MPRegen  0.12/turn              (no ring)
                                (no ring)
                                (no ring)

@: tree-form
A: almost no armour, stealthy swim, (amphibious), 8 rings, (constrict 8), magic
resistance 1, robust 1
a: no special abilities


You were on level 3 of the Dungeon.
You were not hungry.
You were a tree.
You visited 1 branch of the dungeon, and saw 3 of its levels.

You collected 143 gold pieces.

Inventory:

Hand Weapons
 i - a +0 short sword (weapon)
Missiles
 k - 5 poisoned darts (quivered)
Armour
 a - a +0 hat (melded)
Jewellery
 e - a +5 ring of strength (left branch)
 o - a ring of protection from magic (right branch)
Scrolls
 b - a scroll of immolation
 f - 3 scrolls of identify
 l - a scroll of teleportation
 n - 2 scrolls of remove curse
Comestibles
 c - 2 rations


   Skills:
 * Level 1.7 Fighting
 + Level 0.3 Short Blades
 + Level 2.4 Dodging
 + Level 3.7 Stealth
 - Level 0.1 Unarmed Combat
 * Level 4.0 Spellcasting
 + Level 1.2 Conjurations
 + Level 1.0 Summonings
 + Level 1.0 Translocations
 + Level 0.2 Air Magic


You had 4 spell levels left.
You knew the following spells:

 Your Spells              Type           Power        Failure   Level  Hunger
a - Magic Dart            Conj           #...         8%          1    None
b - Blink                 Tloc           N/A          12%         2    #......
c - Call Imp              Summ           #.......     12%         2    #......
d - Mephitic Cloud        Conj/Pois/Air  #.......     28%         3    ###....

Your spell library contained the following spells:

 Spells                   Type           Power        Failure   Level  Hunger
 Slow                     Hex            #.......     19%         2    #......
 Conjure Flame            Conj/Fire      #.......     28%         3    ###....


Dungeon Overview and Level Annotations

Branches:
Dungeon (3/15)

Altars:
Ashenzari


Innate Abilities, Weirdness & Mutations

You cannot wear most types of armour.
You are very stealthy in the water. (Stealth+)
((You are amphibious.))
You can wear up to eight rings at the same time.
((You can use your tentacles to constrict eight enemies at once.))
((Your skin changes colour to match your surroundings (Stealth+).))
((Your rubbery body absorbs attacks. (AC +1, EV +1)))
((One of your tentacles bears a spike.))
You are resistant to hostile enchantments. (MR+)
You are robust. (+10% HP)


Message History

The black bear bites you.
* * * LOW HITPOINT WARNING * * *
The black bear claws you but does no damage. x2
Your crimson imp blinks!
The black bear bites you but does no damage.
The black bear claws you but does no damage. x2
You aren't carrying any potions.
Okay, then.
You hit the black bear but do no damage.
The black bear is severely wounded.
The black bear bites you.
* * * LOW HITPOINT WARNING * * *
The black bear claws you.
* * * LOW HITPOINT WARNING * * *
The black bear claws you but does no damage.
Your crimson imp hits the black bear but does no damage.
You barely miss the black bear.
The black bear is severely wounded.
The black bear bites you.
You die...

*,,* #....# ##,,*###*
##.)######## ##.,,,...###
##...)......# ...#####...#
#...........#
#......#*#.#####..#..<."...#
#......# #.......##........#
.......###.°...####........#
#.............o......).....#
............###5♣####.######
####....##.#####h#(...#
##...........#.§(####
**#......).....#..##
#...#....).....#..#
#.####.........##.### ..*
#..........(...# .**
#..........###.#**
,****#..........# *...**


You could see a black bear (berserk), an orc priest (confused) and a friendly
crimson imp.

Vanquished Creatures
  An orc priest (D:3)
  2 adders (D:3)
  A gnoll (D:1)
  A dart slug (D:1)
  3 worms (D:3)
  5 leopard geckos
  4 orcs (D:3)
  A giant cockroach (D:2)
  5 goblins
  4 hobgoblins (D:2)
  A ball python (D:1)
  3 bats
  5 frilled lizards
  3 kobolds
  5 rats
44 creatures vanquished.

Notes
Turn   | Place    | Note
-------+----------+-------------------------------------------
     0 | D:1      | Conn the Octopode Wizard began the quest for the Orb.
     0 | D:1      | Reached XP level 1. HP: 11/11 MP: 4/4
   192 | D:1      | Reached XP level 2. HP: 17/17 MP: 0/6
   603 | D:1      | Learned a level 2 spell: Blink
   606 | D:1      | Learned a level 2 spell: Call Imp
   620 | D:1      | Reached XP level 3. HP: 22/22 MP: 0/8
  1024 | D:2      | Learned a level 3 spell: Mephitic Cloud
  1107 | D:2      | Found a shattered altar of Ashenzari.
  1784 | D:3      | Reached skill level 1 in Fighting
  1808 | D:3      | Reached XP level 4. HP: 28/28 MP: 1/9
  2147 | D:3      | Reached skill level 4 in Spellcasting
  2495 | D:3      | Reached XP level 5. HP: 34/34 MP: 3/11
  2543 | D:3      | Noticed a black bear
  2559 | D:3      | Gained mutation: One of your tentacles bears a spike.
                  | [potion of mutation]
  2559 | D:3      | Gained mutation: You are robust. (+10% HP) [potion of
                  | mutation]
  2559 | D:3      | Gained mutation: You are resistant to hostile enchantments.
                  | (MR+) [potion of mutation]
  2559 | D:3      | HP: 1/55 [orc priest/divine providence (9)]
  2564 | D:3      | Slain by a black bear

Levels and vault maps discovered:
D:1:      onia_arrival_handbag, layout_loops_ring
D:2:      layout_basic, serial_park_tiny_1, minmay_misc_feat_secret_circle,
          nicolae_ashenzari_panopticon
D:3:      layout_rooms, nicolae_ru_the_path_less_chosen

Skill      XL: |  1  2  3  4 |
---------------+-------------+-----
Stealth        | 3 |  3.7
Fighting       | 1 |  1.7
Spellcasting   | 4 |  4.0
Short Blades   | |  0.3
Dodging        | |  2.4
Unarmed Combat | |  0.1
Conjurations   | |  1.2
Summonings     | |  1.0
Translocations | |  1.0
Air Magic      | |  0.2

Action                   |  1- 3 |  4- 6 || total
-------------------------+-------+-------++-------
Melee: Unarmed           |    12 |       ||    12
       Tentacles         |     4 |     7 ||    11
       Constrict         |     8 |     7 ||    15
       Short sword       |    30 |    32 ||    62
Throw: Dart              |       |     3 ||     3
 Cast: Magic Dart        |    58 |    37 ||    95
       Call Imp          |     2 |     2 ||     4
       Mephitic Cloud    |     1 |     3 ||     4
  Use: Potion            |     1 |     3 ||     4
       Scroll            |       |     8 ||     8
 Stab: Sleeping          |     4 |       ||     4
       Confused          |       |     1 ||     1
  Eat: Chunk             |     2 |     3 ||     5
Armor: Skin              |    12 |    14 ||    26
Dodge: Dodged            |    33 |    27 ||    60

Table legend:
 A = Non-vault XP
 B = Vault XP
 C = Vault XP percentage of total XP
 D = Non-vault monster count
 E = Vault monster count
 F = Vault count percentage of total count
                 A         B        C        D         E       F
            +---------+---------+-------+---------+---------+-------
      Total |     161 |       4 |   2.4 |      40 |       4 |   9.1
            +---------+---------+-------+---------+---------+-------
        D:1 |      38 |       4 |   9.5 |      14 |       4 |  22.2
        D:2 |      16 |       0 |   0.0 |      10 |       0 |   0.0
        D:3 |     107 |       0 |   0.0 |      16 |       0 |   0.0
            +---------+---------+-------+---------+---------+-------
